 Dungeon Crawl Stone Soup version 0.31-a0-1009-g454b1f1e0a (webtiles) character file.

Game seed: 4162319210348124569

51738 kae the Jinx (level 14, -10/103 HPs)
             Began as a Demonspawn Enchanter on Nov 15, 2023.
             Was a High Priest of Dithmenos.
             Mangled by a hell hog (14 damage)
             ... on level 2 of the Abyss on Nov 16, 2023.
             The game lasted 00:22:18 (13738 turns).

kae the Jinx (Demonspawn Enchanter)                Turns: 13738, Time: 00:22:19

Health: -10/103    AC: 21    Str: 13    XL:     14   Next: 24%
Magic:  24/26      EV: 13    Int: 18    God:    Dithmenos [*****.]
Gold:   1051       SH:  0    Dex: 19    Spells: 18/29 levels left

rFire   . . .        p - +9 dagger (elec)
rCold   . . .        (no shield)
rNeg    . . .        u - +3 scale mail
rPois   .            k - +1 helmet
rElec   .            G - scarf {shadows}
rCorr   .            y - +3 pair of gloves of Etiedax {Rampage Regen+ Slay+2}
SInv    +            Q - +0 pair of boots {rampage}
Will    +....        g - amulet of regeneration
Stlth   +++++        v - ring of see invisible
HPRegen 2.97/turn    D - +6 ring of dexterity
MPRegen 0.20/turn

%: rampage
@: wreathed by umbra
A: demonic guardian 2, powered by death 2, sharp scales 3, corrupting presence
2, demonic touch 1
a: Renounce Religion, Shadow Step, Shadow Form


You were on level 2 of the Abyss.
You worshipped Dithmenos.
Dithmenos was extremely pleased with you.
You visited 2 branches of the dungeon, and saw 16 of its levels.
You visited the Abyss 1 time.
You also visited: Sewer and Bailey.

You collected 1051 gold pieces.


Innate Abilities, Weirdness & Mutations

A demonic guardian rushes to your aid.
You regenerate health from kills.
You are completely covered in razor-sharp scales. (AC +3, Slay +3)
Your presence sometimes corrodes or deforms those you injure.
Your touch may inflict minor irresistible damage on your foes.


   Skills:
 + Level 7.5 Fighting
 * Level 11.0 Short Blades
 + Level 6.2 Armour
 + Level 7.2 Dodging
 + Level 8.8 Stealth
 + Level 8.0 Spellcasting
 * Level 12.3 Hexes
 - Level 3.0 Ice Magic
 + Level 9.7 Invocations


You had 18 spell levels left.
You knew the following spells:

 Your Spells              Type           Power      Damage    Failure   Level
a - Ensorcelled Hibernat  Hex/Ice        68%        N/A       2%          2
b - Confusing Touch       Hex            51%        N/A       1%          3
c - Tukima's Dance        Hex            51%        N/A       1%          3
d - Dazzling Flash        Conj/Hex       58%        N/A       9%          3

Your spell library contained the following spells:

 Spells                   Type           Power      Damage    Failure   Level
 Sigil of Binding         Hex            51%        N/A       1%          3
 Inner Flame              Hex/Fire       29%        N/A       9%          3
 Dimensional Bullseye     Hex/Tloc       14%        N/A       30%         4
 Leda's Liquefaction      Hex/Erth       14%        N/A       30%         4
 Shock                    Conj/Air       28%        1d4       36%         1
 Blink                    Tloc           14%        N/A       50%         2
 Cigotuvi's Dreadful Rot  Necr/Pois/Air  14%        N/A       50%         2
 Lesser Beckoning         Tloc           14%        N/A       50%         2
 Momentum Strike          Conj/Tloc      14%        3d8       50%         2
 Poisonous Vapours        Pois/Air       14%        N/A       50%         2
 Scorch                   Fire           14%        2d5       50%         2
 Sublimation of Blood     Necr           7%         N/A       50%         2
 Wereblood                Tmut           7%         N/A       50%         2
 Yara's Violent Unravell  Hex/Tmut       14%        3d7       63%         5
 Ignite Poison            Fire/Tmut/Pois 7%         N/A       75%         3
 Mephitic Cloud           Conj/Pois/Air  7%         N/A       75%         3
 Swiftness                Air            7%         N/A       75%         3
 Teleport Other           Tloc           7%         N/A       75%         3
 Airstrike                Air            3%         2d(1-17)  98%         4
 Brom's Barrelling Bould  Conj/Erth      7%         2d3       98%         4
 Flame Wave               Conj/Fire      7%         2d5       98%         4
 Iskenderun's Mystic Bla  Conj/Tloc      7%         2d4       98%         4
 Petrify                  Tmut/Erth      7%         N/A       98%         4
 Sticky Flame             Conj/Fire      7%         2d3       98%         4
 Fireball                 Conj/Fire      3%         3d4       100%        5
 Freezing Cloud           Conj/Ice/Air   5%         6-21      100%        5
 Iskenderun's Battlesphe  Conj           7%         2d6       100%        5
 Conjure Ball Lightning   Conj/Air       3%         3x3d6     100%        6
 Summon Cactus Giant      Summ           3%         N/A       100%        6
 Orb of Destruction       Conj           3%         9d5       100%        7
 Summon Hydra             Summ           3%         N/A       100%        7

Inventory:

Hand Weapons
 a - a +1 dagger
 p - a +9 dagger of electrocution (weapon)
   (You found it on level 1 of the Dungeon)
Missiles
 q - 60 stones
 U - 6 poisoned darts
Armour
 k - a +1 helmet (worn)
   (You found it on level 1 of the Dungeon)
 u - a +3 scale mail (worn)
   (You took it off an orc on level 5 of the Dungeon)
 y - the +3 pair of gloves of Etiedax (worn) {Rampage Regen+ Slay+2}
   (You acquired it on level 7 of the Dungeon)

   Slay+2:    It affects your accuracy & damage with ranged weapons and melee
   (+2).
   Regen+:    It increases your rate of health regeneration.
   Rampage:   It bestows one free step when moving towards enemies.
 G - a scarf of shadows (worn)
   (You found it on level 8 of the Dungeon)
 Q - a +0 pair of boots of rampaging (worn)
   (You found it on level 12 of the Dungeon)
Magical Staves
 e - a staff of poison {!a}
   (You found it on level 13 of the Dungeon)
Jewellery
 f - a ring of fire
   (You found it on level 3 of the Dungeon)
 g - an amulet of regeneration (around neck)
   (You found it on level 1 of the Dungeon)
 s - a ring of fire
   (You found it on level 14 of the Dungeon)
 v - a ring of see invisible (left hand)
   (You found it in a bailey)
 D - a +6 ring of dexterity (right hand)
   (You found it on level 3 of the Dungeon)
 E - a +5 ring of evasion
   (You found it on level 13 of the Dungeon)
 F - a ring of protection from fire
   (You found it on level 2 of the Dungeon)
 J - a ring of fire
   (You found it on level 9 of the Dungeon)
 Z - a ring of wizardry
   (You found it on level 9 of the Dungeon)
Wands
 b - a wand of quicksilver (6)
   (You took it off Joseph on level 7 of the Dungeon)
 x - a wand of flame (26)
   (You found it on level 8 of the Dungeon)
 P - a wand of mindburst (11)
   (You found it on level 11 of the Dungeon)
 T - a wand of paralysis (7)
   (You took it off a deep elf pyromancer on level 14 of the Dungeon)
Scrolls
 d - a scroll of brand weapon
 n - 6 scrolls of teleportation {@r4}
 o - 4 scrolls of immolation {!r!r}
 A - 4 scrolls of fog
 B - 2 scrolls of revelation
 I - a scroll of identify {@r1}
 K - 2 scrolls of torment {!r}
 L - a scroll of vulnerability {!r!r}
 N - a scroll of butterflies
Potions
 c - 3 potions of invisibility
 h - 9 potions of curing {@q1}
 i - a potion of degeneration {!q}
 j - 6 potions of haste {@q3}
 l - 4 potions of magic
 m - 2 potions of heal wounds {@q2}
 r - 8 potions of mutation {!q}
 t - a potion of berserk rage {!q}
 w - 3 potions of might
 z - a potion of resistance
 H - 6 potions of attraction {!q}
 M - 3 potions of lignification {!q}
 O - a potion of brilliance
 R - a potion of enlightenment

Dungeon Overview and Level Annotations

Branches:
Dungeon (15/15) Zot: 25579  Temple (1/1) D:5 Zot: 5979    Lair (0/5) D:9
    Orc (0/2) D:9          Vaults (0/5) D:13         Depths (0/4) D:15
  Sewer (visited)          Bailey (visited)

Altars:
Ashenzari
Cheibriados
Dithmenos
Fedhas
Gozag
Hepliaklqana
Kikubaaqudgha
Makhleb
Nemelex Xobeh
Okawaru
Qazlal
Ru
Sif Muna
Trog
Uskayaw
Vehumet
Wu Jian
Xom
Yredelemnul

Shops:
D:9

[ # # . .
#...# #G# .
. #. # . .
#.#.##. #
.#. # .....
## ## # .#.
#.โ€ ##.##
#. ###h..#
#.h#4# #. #
#@## # ### #
.. ยงh...#
#..###.##h.#
. ~# .# .#
## โ‰ˆ . h.
. ~ #v .


You could see 2 hell hogs and a friendly orange demon (summoned).


Message History

You regained 14 hp, and now have 88/103 hp.
You start resting. ๐Ÿ˜Ž HP[+15]
Your hp is fully restored (103).
A hell hog comes into view.
You see here a raiju corpse.
You see here a raiju corpse.
A spatial vortex comes into view.
A hell hog comes into view.
A raiju comes into view.
The hell hog squeals angrily. x2
The raiju bursts into living lightning!
The living lightning misses you.
The raiju blinks! x2
The hell hog breathes fire at you.
The fireball explodes!
The fireball engulfs you!
A hell hog comes into view.
The raiju bursts into living lightning!
The living lightning hits you.
The raiju blinks!
The hell hog squeals angrily.
You hear a bellow! ๐Ÿ˜• HP[-13]
You take 13 damage, and now have 90/103 hp.
Unknown command.
The raiju bites you. The raiju shocks you!
You see here a raiju corpse. ๐Ÿ˜• HP[-7]
You take 7 damage, and now have 83/103 hp.
Unknown command.
The raiju attacks as it pursues you! The raiju misses you. ๐Ÿ˜• HP[+2]
You regained 2 hp, and now have 85/103 hp.
Unknown command.
You puncture the raiju! ๐Ÿ˜• HP[+1] Unknown command.
You puncture the raiju! The raiju misses you. ๐Ÿ˜• HP[+1]
You puncture the raiju!
Your shadow hits the raiju with a dagger. ๐Ÿ˜• HP[+1]
You hit the raiju.
The raiju bursts into living lightning!
The living lightning hits you!
The raiju blinks! ๐Ÿ˜ฎ HP[-12]
You take 12 damage, and now have 76/103 hp.
You hit the raiju.
You kill the raiju!
Dithmenos accepts your kill. ๐Ÿ˜• HP[+2]
You regained 2 hp, and now have 78/103 hp.
Unknown command.
Cast which spell? (? or * to list)
Your hands begin to glow red.
The hell hog breathes fire at you.
The fireball explodes!
The fireball engulfs you but does no damage.
The fireball engulfs the hell hog.
The hell hog completely resists.
The hell hog bites you. ๐Ÿ˜• HP[+5] MP[-3]
You regained 5 hp, and now have 83/103 hp.
You lost 3 mp, and now have 23/26 mp.
Unknown command.
You completely miss the hell hog.
You touch the hell hog!
Your shadow hits the hell hog with a dagger.
The hell hog breathes fire at you.
The fireball explodes!
The fireball engulfs the hell hog.
The hell hog completely resists.
The fireball engulfs the hell hog.
The hell hog completely resists.
The fireball engulfs you!
A demonic guardian appears!
You hear an angry squeal.
You hear a bellow! ๐Ÿ˜ฎ HP[-15]
You take 15 damage, and now have 68/103 hp.
You hit the hell hog but do no damage. The hell hog bites you! ๐Ÿ˜ฎ HP[-5]
You take 5 damage, and now have 63/103 hp.
Unknown command.
You hit the hell hog but do no damage. The hell hog breathes fire at you.
The fireball explodes!
The fireball engulfs you!!
* * * LOW HITPOINT WARNING * * *
The fireball engulfs the hell hog.
The hell hog completely resists.
The fireball engulfs your orange demon! ๐Ÿ˜จ HP[-26]
You take 26 damage, and now have 37/103 hp.
MASSIVE DAMAGE!! (PAUSE)
You hit the hell hog but do no damage.
The hell hog appears confused.
Your shadow barely misses the hell hog. ๐Ÿ˜จ HP[+2]
You regained 2 hp, and now have 39/103 hp.
You barely miss the hell hog.
The hell hog bites the hell hog! ๐Ÿ˜จ HP[+1] MP[+1] Unknown command.
You strike the helpless hell hog from behind!
You impale the hell hog!! The hell hog breathes fire at you.
The fireball explodes!
The fireball engulfs the hell hog.
The hell hog completely resists.
The fireball engulfs the hell hog.
The hell hog completely resists.
The fireball engulfs you!!!
* * * LOW HITPOINT WARNING * * *
The hell hog bites you!
You die...

Skill      XL: |  1  2  3  4  5  6  7  8  9 10 11 12 13 14 |
---------------+-------------------------------------------+-----
Short Blades   | 1 2 3 4 5 6 7 8 9 10 11 | 11.0
Ice Magic      | 1 2 3 |  3.0
Stealth        | 3 4 5 6 7 8 |  8.8
Hexes          | 4 5 6 7 8 10 11 12 | 12.3
Spellcasting   | 3 4 5 6 7 8 |  8.0
Dodging        | 2 3 4 5 6 7 |  7.2
Invocations    | 2 4 5 7 8 9 |  9.7
Fighting       | 2 3 4 5 6 7 |  7.5
Armour         | 1 2 3 5 6 |  6.2

Action                     |  1- 3 |  4- 6 |  7- 9 | 10-12 | 13-15 || total
---------------------------+-------+-------+-------+-------+-------++-------
  Melee: Dagger            |    89 |   154 |   235 |   615 |   427 ||  1520
         Punch             |       |     1 |     4 |     9 |     7 ||    21
         Touch             |       |       |    40 |   129 |   116 ||   285
   Cast: Ensorcelled Hiber |     1 |    19 |    20 |    18 |     4 ||    62
         Confusing Touch   |       |     4 |     4 |     4 |    14 ||    26
         Dazzling Flash    |       |       |     1 |       |       ||     1
         Tukima's Dance    |       |       |       |       |     5 ||     5
    Use: Scroll            |     9 |     5 |    13 |     9 |     2 ||    38
         Potion            |       |       |       |       |     1 ||     1
   Stab: Sleeping          |     7 |    22 |    24 |    35 |     2 ||    90
         Distracted        |     1 |     1 |     2 |     4 |     8 ||    16
         Confused          |       |     2 |     2 |     3 |    11 ||    18
         Invisible         |       |       |     1 |       |       ||     1
 Armour: Robe              |    40 |    95 |   111 |       |       ||   246
         Scale mail        |       |       |    21 |   435 |   251 ||   707
  Dodge: Dodged            |    65 |    66 |   157 |   323 |   141 ||   752

Levels and vault maps discovered:
D:1:      spicycebolla_arrival_ecumenical, layout_rooms,
          kennysheep_pointless_box, minmay_split_cup_large
D:2:      layout_loops_ring, st_stairs_11
D:3:      layout_basic, chequers_temple_overflow_statue_of_worship
D:4:      layout_loops_cross, makhleb_altar_promises_db,
          corexii_item_surrounded_by_moat
D:5:      layout_cave_pools, minmay_temple_entry_mini_moons,
          portal_sewer_entry_f, uniq_sigmund, uniq_crazy_yiuf_cottage
D:6:      layout_loops_cross, minmay_increasing_density, uniq_grinder
D:7:      layout_rooms, chequers_temple_overflow_minitemple, enter_bailey_8,
          uniq_joseph, uniq_jeremiah, uniq_prince_ribbit1
D:8:      cheibrodos_grave_circle, layout_basic, chequers_garden,
          minmay_misc_feat_encased, minivault_27
D:9:      layout_long_grid, nicolae_gozag_cash_rules_everything_around_me,
          dpeg_oklobed_lair, orc_david_3
D:10:     layout_roguey, mainiacjoe_overflow_concentric_impassable,
          lemuel_doored_altar, nicolae_tso_carved_into_rock,
          mainiacjoe_overflow_six_doors_small, ebering_ghost_rock_garden,
          uniq_maggie
D:11:     layout_basic, serial_curves, eino_curves_03, eino_curves_03
D:12:     gammafunk_boulding_lane, layout_irregular_city, nicolae_the_louvre
D:13:     layout_loops_ring, grunt_vaults_entry_tiered, serial_undead,
          serial_undead_c, serial_undead_e, serial_undead_e, serial_undead_c,
          tgw_xom
D:14:     layout_loops_ring, nicolae_elevator_lobby_asterisk,
          bh_hangedman_babel_library
D:15:     gammafunk_depths_entry_grave, layout_basic, minmay_tree_intersection
Temple:   hellmonk_temple_flake
Abyss:2:  base: D:14, base: D:15, base:
D:15

Notes
Turn   | Place    | Note
-------+----------+-------------------------------------------
     0 | D:1      | kae the Demonspawn Enchanter began the quest for the Orb.
     0 | D:1      | Reached XP level 1. HP: 13/13 MP: 3/3
     0 | D:1      | magus.rc [v1.11.3]
    44 | D:1      | Reached skill level 1 in Short Blades
   104 | D:1      | Gained mutation: You regenerate a little health from kills.
                  | [demonic ancestry]
   104 | D:1      | Reached XP level 2. HP: 19/19 MP: 5/5
   172 | D:1      | Learned a level 2 spell: Ensorcelled Hibernation
   359 | D:1      | Reached XP level 3. HP: 24/24 MP: 6/6
   959 | D:2      | magus.rc [v1.11.3]
   975 | D:2      | Reached skill level 1 in Ice Magic
   998 | D:2      | Gained mutation: You regenerate health from kills. [demonic
                  | ancestry]
   998 | D:2      | Reached XP level 4. HP: 30/30 MP: 2/7
  1042 | D:2      | Reached skill level 2 in Short Blades
  1042 | D:2      | Reached skill level 3 in Stealth
  1552 | D:2      | Learned a level 3 spell: Confusing Touch
  1556 | D:2      | Learned a level 3 spell: Tukima's Dance
  1721 | D:3      | Gained mutation: You are partially covered in razor-sharp
                  | scales. (AC +1, Slay +1) [demonic ancestry]
  1721 | D:3      | Reached XP level 5. HP: 35/35 MP: 8/8
  1740 | D:3      | Reached skill level 4 in Hexes
  2159 | D:3      | Found a hazy altar of Hepliaklqana.
  2159 | D:3      | Found a sacrificial altar of Ru.
  2182 | D:3      | Reached skill level 2 in Ice Magic
  2310 | D:3      | You pick up a book of Air and begin reading...
  2310 | D:3      | You add the spells Shock, Swiftness and Airstrike to your
                  | library.
  2688 | D:4      | You pick up a book of Vapours and begin reading...
  2688 | D:4      | You add the spells Poisonous Vapours, Mephitic Cloud and
                  | Freezing Cloud to your library.
  2870 | D:4      | Gained mutation: A weak demonic guardian rushes to your
                  | aid. [demonic ancestry]
  2870 | D:4      | Reached XP level 6. HP: 41/41 MP: 6/10
  2876 | D:4      | Reached skill level 3 in Short Blades
  2890 | D:4      | Reached skill level 3 in Spellcasting
  3047 | D:4      | Found a burning altar of Makhleb.
  3048 | D:4      | Noticed a balrug
  3400 | D:5      | Entered Level 5 of the Dungeon
  3407 | D:5      | Gained mutation: Your touch may inflict minor irresistible
                  | damage on your foes. [demonic ancestry]
  3407 | D:5      | Reached XP level 7. HP: 42/46 MP: 11/11
  3417 | D:5      | Reached skill level 5 in Hexes
  3417 | D:5      | Reached skill level 3 in Ice Magic
  3522 | D:5      | Reached skill level 4 in Short Blades
  3522 | D:5      | Reached skill level 4 in Stealth
  3535 | D:5      | Found a staircase to the Ecumenical Temple.
  3544 | Temple   | Entered the Ecumenical Temple
  3554 | Temple   | Became a worshipper of Dithmenos the Shadowed
  3633 | D:5      | Found a glowing drain.
  3657 | Sewer    | Entered a sewer
  3758 | Sewer    | Found a viscous altar of Jiyva.
  3764 | Sewer    | Reached XP level 8. HP: 48/52 MP: 13/13
  3786 | Sewer    | Reached * piety under Dithmenos
  3899 | D:5      | Learned a level 3 spell: Dazzling Flash
  4017 | D:5      | Noticed Sigmund
  4023 | D:5      | Killed Sigmund
  4024 | D:5      | Reached skill level 2 in Dodging
  4024 | D:5      | Reached skill level 6 in Hexes
  4075 | D:5      | Reached skill level 1 in Invocations
  4262 | D:5      | Found a runed translucent door.
  4263 | D:5      | Noticed Crazy Yiuf
  4270 | D:5      | Killed Crazy Yiuf
  4360 | D:6      | Reached skill level 1 in Fighting
  4360 | D:6      | Reached skill level 4 in Spellcasting
  4412 | D:6      | Noticed a two-headed ogre
  4420 | D:6      | Killed a two-headed ogre
  4421 | D:6      | Reached skill level 2 in Fighting
  4421 | D:6      | Reached skill level 5 in Short Blades
  4421 | D:6      | Reached skill level 2 in Invocations
  4421 | D:6      | Gained mutation: You are mostly covered in razor-sharp
                  | scales. (AC +2, Slay +2) [demonic ancestry]
  4421 | D:6      | Reached XP level 9. HP: 61/61 MP: 12/15
  4696 | D:6      | Reached skill level 5 in Stealth
  4716 | D:6      | Reached skill level 7 in Hexes
  4733 | D:6      | Reached skill level 3 in Invocations
  4752 | D:6      | Reached skill level 3 in Dodging
  4988 | D:6      | Noticed Grinder
  4990 | D:6      | Paralysed by Grinder for 3 turns
  5003 | D:6      | Killed Grinder
  5003 | D:6      | Reached ** piety under Dithmenos
  5004 | D:6      | Reached skill level 6 in Short Blades
  5302 | D:7      | Noticed Prince Ribbit
  5308 | D:7      | Killed Prince Ribbit
  5309 | D:7      | Reached skill level 3 in Fighting
  5317 | D:7      | Reached skill level 4 in Invocations
  5363 | D:7      | Reached skill level 1 in Armour
  5392 | D:7      | Noticed Jeremiah
  5428 | D:7      | Found a flagged portal.
  5480 | D:7      | Reached skill level 5 in Spellcasting
  5502 | Bailey   | Entered a bailey
  5559 | Bailey   | Gained mutation: Your presence sometimes corrodes those you
                  | injure. [demonic ancestry]
  5559 | Bailey   | Reached XP level 10. HP: 70/70 MP: 17/17
  5655 | Bailey   | Reached skill level 8 in Hexes
  5739 | Bailey   | You pick up a book of the Spheres and begin reading...
  5739 | Bailey   | You add the spells Brom's Barrelling Boulder, Iskenderun's
                  | Battlesphere, Fireball, Conjure Ball Lightning and Orb of
                  | Destruction to your library.
  5740 | Bailey   | Noticed an orc knight
  5749 | Bailey   | Killed an orc knight
  5989 | D:7      | Reached skill level 7 in Short Blades
  5999 | D:7      | You pick up a book of Spatial Translocations and begin
                  | reading...
  5999 | D:7      | You add the spells Blink, Momentum Strike and Lesser
                  | Beckoning to your library.
  6029 | D:7      | Noticed Joseph
  6047 | D:7      | Identified the of Wealawip (You acquired it on level 7 of
                  | the Dungeon)
  6047 | D:7      | Acquired the +3 pair of gloves of Etiedax {Rampage Regen+
                  | Slay+2}
  6222 | D:7      | Reached skill level 4 in Dodging
  6273 | D:7      | Reached skill level 2 in Armour
  6273 | D:7      | Reached skill level 5 in Invocations
  6278 | D:7      | Killed Joseph
  6279 | D:7      | Reached skill level 4 in Fighting
  6279 | D:7      | Reached skill level 6 in Stealth
  6291 | D:7      | Killed Jeremiah
  6384 | D:7      | Found a basalt altar of Yredelemnul.
  6384 | D:7      | Found a sparkling altar of Nemelex Xobeh.
  6392 | D:7      | Found an ornate altar of the Wu Jian Council.
  6394 | D:7      | Found an iron altar of Okawaru.
  6587 | D:8      | Reached *** piety under Dithmenos
  6922 | D:8      | Reached XP level 11. HP: 78/78 MP: 19/19
  7409 | D:8      | Reached skill level 9 in Hexes
  7577 | D:9      | Found a staircase to the Orcish Mines.
  7577 | D:9      | Found Ota Kish's Armour Shoppe.
  7721 | D:9      | Found a staircase to the Lair.
  7906 | D:9      | Found an opulent altar of Gozag.
  8040 | D:10     | Entered Level 10 of the Dungeon
  8067 | D:10     | Noticed Maggie
  8069 | D:10     | Found a shimmering blue altar of Sif Muna.
  8075 | D:10     | Killed Maggie
  8076 | D:10     | Reached skill level 3 in Armour
  8162 | D:10     | Found a radiant altar of Vehumet.
  8313 | D:10     | Found a runed translucent gate.
  8313 | D:10     | Found a runed translucent gate.
  8313 | D:10     | Found a runed translucent gate.
  8318 | D:10     | Noticed Pi314's ghost (novice DrCj)
  8356 | D:10     | Reached skill level 6 in Invocations
  8427 | D:10     | Noticed a two-headed ogre
  8434 | D:10     | Killed a two-headed ogre
  8484 | D:10     | Reached **** piety under Dithmenos
  8532 | D:10     | Reached skill level 8 in Short Blades
  8633 | D:10     | Reached skill level 6 in Spellcasting
  8646 | D:10     | Reached skill level 5 in Fighting
  8812 | D:10     | Found a blossoming altar of Fedhas.
  8926 | D:10     | Killed Pi314's ghost
  8927 | D:10     | Reached skill level 5 in Dodging
  9130 | D:11     | Noticed a boulder beetle
  9135 | D:11     | Killed a boulder beetle
  9297 | D:11     | Reached skill level 7 in Stealth
  9815 | D:12     | Found a transporter.
  9816 | D:12     | Found a transporter.
  9816 | D:12     | Noticed a boulder beetle
  9823 | D:12     | Noticed a six-headed hydra
  9832 | D:12     | Killed a six-headed hydra
  9833 | D:12     | Reached skill level 10 in Hexes
  9929 | D:12     | Noticed a deep elf pyromancer
  9932 | D:12     | Reached skill level 7 in Invocations
  9941 | D:12     | Killed a deep elf pyromancer
  9942 | D:12     | Gained mutation: You are completely covered in razor-sharp
                  | scales. (AC +3, Slay +3) [demonic ancestry]
  9942 | D:12     | Reached XP level 12. HP: 82/86 MP: 18/21
  9950 | D:12     | Reached skill level 4 in Armour
  9976 | D:12     | You add the spells Cigotuvi's Dreadful Rot and Ignite
                  | Poison to your library.
 10282 | D:12     | Noticed a boulder beetle
 10286 | D:12     | Killed a boulder beetle
 10553 | D:12     | Killed a boulder beetle
 10626 | D:13     | Reached skill level 9 in Short Blades
 10765 | D:13     | Noticed a centaur warrior
 10773 | D:13     | Killed a centaur warrior
 10774 | D:13     | Reached skill level 6 in Fighting
 10848 | D:13     | You pick up a book of Flames and begin reading...
 10848 | D:13     | You add the spells Inner Flame, Sticky Flame and Flame Wave
                  | to your library.
 10931 | D:13     | Reached skill level 6 in Dodging
 10931 | D:13     | Reached skill level 7 in Spellcasting
 10931 | D:13     | Reached skill level 8 in Invocations
 10942 | D:13     | You pick up a book of Scorching and begin reading...
 10942 | D:13     | You add the spells Scorch and Summon Cactus Giant to your
                  | library.
 11137 | D:13     | Reached ***** piety under Dithmenos
 11138 | D:13     | Reached skill level 11 in Hexes
 11144 | D:13     | Reached skill level 5 in Armour
 11156 | D:13     | Gained mutation: A demonic guardian rushes to your aid.
                  | [demonic ancestry]
 11156 | D:13     | Reached XP level 13. HP: 94/94 MP: 21/23
 11283 | D:13     | Found a gate to the Vaults.
 11315 | D:13     | Reached skill level 8 in Stealth
 11332 | D:13     | You pick up a book of Blood and begin reading...
 11332 | D:13     | You add the spells Sublimation of Blood, Wereblood and
                  | Summon Hydra to your library.
 11587 | D:13     | Reached skill level 10 in Short Blades
 11590 | D:13     | Found a shimmering altar of Xom.
 11671 | D:14     | Identified the "Laeffin"
 11671 | D:14     | Identified the "Xecudog"
 11671 | D:14     | Identified the "Viavvu"
 11760 | D:14     | You fall into a shaft and drop 1 floor!
 11760 | D:15     | Entered Level 15 of the Dungeon
 11978 | D:14     | You add the spells Sigil of Binding, Dimensional Bullseye
                  | and Yara's Violent Unravelling to your library.
 11995 | D:14     | You add the spells Leda's Liquefaction and Petrify to your
                  | library.
 12194 | D:14     | You add the spells Teleport Other and Iskenderun's Mystic
                  | Blast to your library.
 12720 | D:15     | HP: 15/95 [deep elf zephyrmancer/bolt of lightning (28)]
 12721 | D:15     | Reached skill level 9 in Invocations
 12730 | D:14     | HP: 22/95 [poisoned by a green ugly thing]
 12731 | D:14     | Reached skill level 7 in Fighting
 12734 | D:14     | HP: 10/96 [poisoned by a green ugly thing]
 12739 | D:14     | HP: 8/96 [poisoned by a green ugly thing]
 12744 | D:14     | HP: 13/96 [poisoned by a green ugly thing]
 12856 | D:15     | Found a staircase to the Depths.
 12871 | D:15     | HP: 15/91 [necromancer/bolt of negative energy (28)]
 12876 | D:15     | HP: 14/93 [drowned by a water elemental (6)]
 13008 | D:15     | Reached skill level 12 in Hexes
 13138 | D:15     | Reached skill level 6 in Armour
 13138 | D:15     | Reached skill level 7 in Dodging
 13170 | D:15     | Gained mutation: Your presence sometimes corrodes or
                  | deforms those you injure. [demonic ancestry]
 13170 | D:15     | Reached XP level 14. HP: 41/103 MP: 22/25
 13291 | D:14     | You are cast into the Abyss!
 13291 | Abyss:2  | Cast into level 2 of the Abyss (skeletal warrior)
 13514 | Abyss:2  | Noticed a tentacled starspawn
 13527 | Abyss:2  | Killed a tentacled starspawn
 13534 | Abyss:2  | Reached skill level 8 in Spellcasting
 13628 | Abyss:2  | Noticed a cacodemon
 13650 | Abyss:2  | Killed a cacodemon
 13674 | Abyss:2  | Reached skill level 11 in Short Blades
 13702 | Abyss:2  | magus.rc [v1.11.3]
 13738 | Abyss:2  | HP: 4/103 [hell hog/fireball (37)]
 13738 | Abyss:2  | Mangled by a hell hog

Vanquished Creatures
  A tentacled starspawn (Abyss:2)
  2 vault guards (D:13)
  A hydra (D:12)
  2 centaur warriors
  4 boulder beetles
  A death knight (D:14)
  2 two-headed ogres
  A vampire mage (D:15)
  The ghost of Pi314 the Thaumaturge, a novice DrCj of Sif Muna (D:10)
  A thrashing horror (Abyss:2)
  A storm dragon skeleton (D:15)
  A spark wasp zombie (D:15)
  A sixfirhy (Abyss:2)
  A large abomination (Abyss:2)
  6 skeletal warriors
  A harpy (shapeshifter) (D:13)
  A necromancer (D:13)
  4 arcanists
  An orc knight (Bailey)
  2 deep elf pyromancers
  2 starcursed masses (Abyss:2)
  2 deep elf zephyrmancers
  3 manticores
  5 cyclopes
  6 ugly things
  7 centaur zombies
  Joseph (D:7)
  A rust devil (Abyss:2)
  4 slime creatures (D:15)
  2 gargoyles
  Jeremiah (D:7)
  A komodo dragon (shapeshifter) (D:14)
  A rime drake (shapeshifter) (D:14)
  An unseen horror (D:12)
  A centaur skeleton (D:8)
  Maggie (D:10)
  2 kobold demonologists (D:14)
  A tengu conjurer (D:13)
  2 efreet
  A troll (shapeshifter) (D:15)
  A hellwing (D:8)
  6 trolls
  A hornet (D:8)
  A polar bear (shapeshifter) (D:15)
  Grinder (D:6)
  4 raiju (Abyss:2)
  Prince Ribbit (D:7)
  3 meliai zombies
  A water elemental (D:15)
  Sigmund (D:5)
  5 yaks (D:10)
  A basilisk (D:14)
  2 wyverns
  A vampire (D:13)
  3 wraiths
  19 humans (D:13)
  A steam dragon (D:6)
  12 vampire mosquitoes
  An acid dragon (D:7)
  A small abomination (Abyss:2)
  2 water moccasins
  A spatial vortex (Abyss:2)
  2 black bears
  15 orc warriors
  4 sky beasts
  A centaur (D:5)
  3 phantoms
  2 kobold brigands
  5 bullfrogs
  4 scorpions
  4 wights
  14 killer bees
  8 howler monkeys
  An electric eel (D:15)
  2 jellies (Sewer)
  5 hounds
  Crazy Yiuf (D:5)
  5 orc priests
  A boggart zombie (D:8)
  7 iguanas
  17 orc wizards
  12 gnolls
  14 adders
  2 river rats (Sewer)
  5 shadow imps (D:8)
  3 white imps
  2 ufetubi (D:6)
  3 worms
  5 dart slugs
  54 orcs
  9 ball pythons
  8 endoplasms
  9 giant cockroaches
  6 goblins
  5 hobgoblins
  10 jackals
  5 quokkas
  6 bats
  6 frilled lizards
  14 kobolds
  12 rats
440 creatures vanquished.

Vanquished Creatures (collateral kills)
  A cacodemon (Abyss:2)
  A sixfirhy (Abyss:2)
  An arcanist (D:13)
  A necromancer (D:15)
  A jelly (Sewer)
  A worm (Sewer)
6 creatures vanquished.

Vanquished Creatures (others)
  A small abomination (Abyss:2)
  2 starspawn tentacles (Abyss:2)
3 creatures vanquished.

Grand Total: 449 creatures vanquished

Table legend:
 A = Non-vault XP
 B = Vault XP
 C = Vault XP percentage of total XP
 D = Non-vault monster count
 E = Vault monster count
 F = Vault count percentage of total count
                 A         B        C        D         E       F
            +---------+---------+-------+---------+---------+-------
      Total |   43585 |   30327 |  41.0 |     297 |     148 |  33.3
            +---------+---------+-------+---------+---------+-------
        D:1 |      54 |      11 |  16.9 |      26 |       4 |  13.3
        D:2 |     110 |       9 |   7.6 |      24 |       3 |  11.1
        D:3 |     136 |       0 |   0.0 |      29 |       0 |   0.0
        D:4 |     385 |       0 |   0.0 |      16 |       0 |   0.0
        D:5 |     728 |     267 |  26.8 |      16 |       8 |  33.3
        D:6 |    1725 |     701 |  28.9 |      21 |       9 |  30.0
        D:7 |    1229 |    1152 |  48.4 |      16 |       3 |  15.8
        D:8 |     902 |    1784 |  66.4 |      10 |      10 |  50.0
        D:9 |    1014 |     258 |  20.3 |      22 |       5 |  18.5
       D:10 |    3066 |    1172 |  27.7 |      20 |       2 |   9.1
       D:11 |    3669 |       0 |   0.0 |      20 |       0 |   0.0
       D:12 |    3545 |     832 |  19.0 |      16 |       1 |   5.9
       D:13 |    5507 |   13580 |  71.1 |      15 |      42 |  73.7
       D:14 |    5919 |    1795 |  23.3 |      16 |       3 |  15.8
       D:15 |    6760 |    6471 |  48.9 |      15 |       9 |  37.5
    Abyss:2 |    8836 |       0 |   0.0 |      15 |       0 |   0.0
      Sewer |       0 |     204 | 100.0 |       0 |      23 | 100.0
     Bailey |       0 |    2091 | 100.0 |       0 |      26 | 100.0
            +---------+---------+-------+---------+---------+-------

Skill      XL: |  1  2  3  4  5  6  7  8  9 10 11 12 13 14 |
---------------+-------------------------------------------+-----
Short Blades   | 1 2 3 4 5 6 7 8 9 10 11 | 11.0
Ice Magic      | 1 2 3 |  3.0
Stealth        | 3 4 5 6 7 8 |  8.8
Hexes          | 4 5 6 7 8 10 11 12 | 12.3
Spellcasting   | 3 4 5 6 7 8 |  8.0
Dodging        | 2 3 4 5 6 7 |  7.2
Invocations    | 2 4 5 7 8 9 |  9.7
Fighting       | 2 3 4 5 6 7 |  7.5
Armour         | 1 2 3 5 6 |  6.2

Action                     |  1- 3 |  4- 6 |  7- 9 | 10-12 | 13-15 || total
---------------------------+-------+-------+-------+-------+-------++-------
  Melee: Dagger            |    89 |   154 |   235 |   615 |   427 ||  1520
         Punch             |       |     1 |     4 |     9 |     7 ||    21
         Touch             |       |       |    40 |   129 |   116 ||   285
   Cast: Ensorcelled Hiber |     1 |    19 |    20 |    18 |     4 ||    62
         Confusing Touch   |       |     4 |     4 |     4 |    14 ||    26
         Dazzling Flash    |       |       |     1 |       |       ||     1
         Tukima's Dance    |       |       |       |       |     5 ||     5
    Use: Scroll            |     9 |     5 |    13 |     9 |     2 ||    38
         Potion            |       |       |       |       |     1 ||     1
   Stab: Sleeping          |     7 |    22 |    24 |    35 |     2 ||    90
         Distracted        |     1 |     1 |     2 |     4 |     8 ||    16
         Confused          |       |     2 |     2 |     3 |    11 ||    18
         Invisible         |       |       |     1 |       |       ||     1
 Armour: Robe              |    40 |    95 |   111 |       |       ||   246
         Scale mail        |       |       |    21 |   435 |   251 ||   707
  Dodge: Dodged            |    65 |    66 |   157 |   323 |   141 ||   752

Illustrated notes

Table legend:
 A = Kills in this place as a percentage of kills in the entire game.
 B = Kills by you in this place as a percentage of kills by you in the entire game.
 C = Kills by friends in this place as a percentage of kills by friends in the entire game.
 D = Other kills in this place as a percentage of other kills in the entire game.
 E = Experience gained in this place as a percentage of experience gained in the entire game.
 F = Experience gained in this place divided by the number of levels of this place that you have seen.
                   A       B       C       D       E      F
               +-------+-------+-------+-------+-------+----------------------
         Total | 100.0 | 100.0 | 100.0 |   N/A | 100.0 | 3890.1
       Dungeon |  85.6 |  86.3 |  33.3 |   N/A |  84.9 | 4185.4
         Abyss |   3.4 |   3.0 |  33.3 |   N/A |  12.0 | 8836.0
         Sewer |   5.2 |   4.8 |  33.3 |   N/A |   0.3 | 204.0
        Bailey |   5.8 |   5.9 |   0.0 |   N/A |   2.8 | 2091.0
               +-------+-------+-------+-------+-------+----------------------

Table legend: (Time is in decaauts)
 A = Elapsed time spent in this place.
 B = Non-inter-level travel time spent in this place.
 C = Inter-level travel time spent in this place.
 D = Time resting spent in this place.
 E = Time spent auto-exploring this place.
 F = Levels seen in this place.
 G = Mean time per level.
                   A        B        C        D        E       F      G
               +--------+--------+--------+--------+--------+-----+--------+
         Total |  13246 |  12816 |    430 |    907 |   9022 |  19 |  697.2 |
       Dungeon |  12175 |  11763 |    412 |    866 |   8386 |  15 |  811.7 |
        Temple |     20 |      2 |     18 |      0 |      0 |   1 |   20.0 |
         Abyss |    396 |    396 |      0 |     41 |    250 |   1 |  396.0 |
         Sewer |    256 |    256 |      0 |      0 |    119 |   1 |  256.0 |
        Bailey |    397 |    397 |      0 |      0 |    267 |   1 |  397.0 |
               +--------+--------+--------+--------+--------+-----+--------+

Top non-repeatable levels by time:
    D:14: 1114 daAuts
     D:2: 1030 daAuts
    D:13: 941 daAuts
    D:10: 933 daAuts
     D:8: 884 daAuts
     D:3: 862 daAuts
     D:6: 838 daAuts
    D:12: 825 daAuts
     D:7: 822 daAuts
     D:4: 810 daAuts
    D:11: 733 daAuts
     D:5: 720 daAuts
     D:1: 669 daAuts
     D:9: 593 daAuts
  Bailey: 397 daAuts
